 Dungeon Crawl Stone Soup version 0.29-a0-653-gd47aff6735 (webtiles) character file.

Game seed: 17115349108034260049

30097 HoaS the Sharpshooter (level 13, 0/88 HPs)
             Began as a Tengu Hunter on June 21, 2022.
             Was a High Priest of Makhleb.
             Slain by a red ugly thing (6 damage)
             ... while petrified by a basilisk
             ... on level 6 of the Lair of Beasts.
             The game lasted 00:30:14 (12200 turns).

HoaS the Sharpshooter (Tengu Hunter)               Turns: 12200, Time: 00:30:14

Health: 0/88       AC: 16    Str: 12    XL:     13   Next: 49%
Magic:  14/14      EV:  2    Int: 10    God:    Makhleb [*****.]
Gold:   985        SH:  0    Dex: 22    Spells: 12/12 levels left

rFire   . . .      SeeInvis .   i - +3 arbalest (flame)
rCold   . . .      Faith    .   (shield currently unavailable)
rNeg    + + +      Spirit   .   e - +5 ring mail
rPois   ∞          Reflect  .   o - +2 hat {Stlth+}
rElec   .          Harm     .   a - +0 cloak
rCorr   .          Rampage  .   g - +0 pair of gloves
Will    .....                   (boots unavailable)
Stlth   ++........              l - amulet of regeneration
HPRegen 1.04/turn               f - +4 ring of evasion
MPRegen 0.14/turn               q - ring of poison resistance

@: petrified, flying quickly and evasively, quick
A: beak, talons 3, nimble flight
a: Renounce Religion, Minor Destruction, Lesser Servant of Makhleb, Major
Destruction, Greater Servant of Makhleb


You were on level 6 of the Lair of Beasts.
You worshipped Makhleb.
Makhleb was extremely pleased with you.
You visited 3 branches of the dungeon, and saw 17 of its levels.
You also visited: Ice Cave.

You collected 985 gold pieces.

Inventory:

Hand Weapons
 i - a +3 arbalest of flaming (weapon)
Missiles
 d - a throwing net
Armour
 a - a +0 cloak (worn)
 e - a +5 ring mail (worn)
 g - a +0 pair of gloves (worn)
 o - a +2 hat of stealth (worn)
Jewellery
 f - a +4 ring of evasion (left hand)
 l - an amulet of regeneration (around neck)
 q - a ring of poison resistance (right hand)
 y - a ring of ice
Wands
 h - a wand of polymorph (15)
 m - a wand of iceblast (23)
 p - a wand of quicksilver (7)
 A - a wand of paralysis (4)
Scrolls
 b - 4 scrolls of vulnerability
 c - 3 scrolls of immolation
 j - 8 scrolls of teleportation
 n - 5 scrolls of blinking
 r - a scroll of magic mapping
 t - 2 scrolls of poison
 u - a scroll of brand weapon
 B - a scroll of identify
Potions
 k - 2 potions of attraction
 s - 5 potions of mutation
 v - a potion of resistance
 w - a potion of lignification
 x - a potion of haste


   Skills:
 * Level 13.3 Fighting
 - Level 16.0 Crossbows
 - Level 8.0 Armour
 + Level 10.5 Dodging
 - Level 1.0 Stealth


You had 12 spell levels left.
You didn't know any spells.
Your spell library contained the following spells:

 Spells                   Type           Power      Damage    Failure   Level
 Foxfire                  Conj/Fire      0%         2x1d4     58%         1
 Sandblast                Erth           0%         2d4       58%         1
 Shock                    Conj/Air       0%         1d3       58%         1
 Slow                     Hex            0%         N/A       58%         1
 Passwall                 Tmut/Erth      0%         N/A       75%         2
 Confusing Touch          Hex            0%         N/A       92%         3
 Conjure Flame            Conj/Fire      0%         6-21      92%         3
 Dazzling Flash           Conj/Hex       0%         N/A       92%         3
 Gell's Gravitas          Tloc           0%         N/A       92%         3
 Inner Flame              Hex/Fire       0%         N/A       92%         3
 Stone Arrow              Conj/Erth      0%         3d7       92%         3
 Swiftness                Air            0%         N/A       92%         3
 Teleport Other           Tloc           0%         N/A       92%         3
 Vampiric Draining        Necr           0%         2d6       92%         3
 Airstrike                Air            0%         N/A       100%        4
 Flame Wave               Conj/Fire      0%         2d4       100%        4
 Iskenderun's Mystic Bla  Conj/Tloc      0%         2d3       100%        4
 Passage of Golubria      Tloc           0%         N/A       100%        4
 Silence                  Hex/Air        0%         N/A       100%        5
 Dispersal                Tloc           0%         N/A       100%        6
 Starburst                Conj/Fire      0%         6d3       100%        6
 Lehudib's Crystal Spear  Conj/Erth      0%         10d2      100%        8


Dungeon Overview and Level Annotations

Branches:
Dungeon (10/15)            Temple (1/1) D:5            Lair (5/6) D:10
 Shoals (0/4) Lair:2       Spider (0/4) Lair:4          Orc (0/2) D:9
  IceCv (visited)
  Slime: Lair:5-6

Altars:
Ashenzari
Cheibriados
Dithmenos
Elyvilon
Fedhas
Gozag
Hepliaklqana
Kikubaaqudgha
Makhleb
Nemelex Xobeh
Okawaru
Qazlal
Ru
Sif Muna
Trog
Uskayaw
Vehumet
Wu Jian
Xom
Yredelemnul
Zin
The Shining One
Beogh

Shops:
D:2 =([[   D:3 (

Annotations:
D:7 2 runed translucent doors, funkygono's ghost, novice MiBe
Lair:1 1 runed translucent door, Ocesy's ghost, journeyman DjFE


Innate Abilities, Weirdness & Mutations

You have a beak for a mouth.
You have claws for feet.
Your magical nature lets you fly swiftly and evasively.


Message History

The small abomination hits you.
A black mamba comes into view.
The small abomination hits you but does no damage.
The blink frog blinks!
The chaos spawn hits you but does no damage.
The ufetubus barely misses you.
The ufetubus hits you but does no damage.
The basilisk bites you!
The small abomination completely misses you.
The small abomination hits you but does no damage.
The ufetubus hits you but does no damage. x2
The chaos spawn completely misses you. The basilisk gazes at you.
You easily resist.
The small abomination hits you!
The ufetubus hits you but does no damage.
The ufetubus completely misses you. The small abomination hits you.
The red ugly thing tail-slaps you!
You are engulfed in flames!
The small abomination hits you but does no damage.
The basilisk bites you.
The ynoxinul gestures.
The chaos spawn gores you but does no damage.
The ufetubus hits you.
The ufetubus hits you but does no damage.
The ufetubus hits you but does no damage. x2
The small abomination hits you! The red ugly thing tail-slaps you.
* * * LOW HITPOINT WARNING * * *
You are engulfed in flames!
* * * LOW HITPOINT WARNING * * *
The small abomination hits you.
* * * LOW HITPOINT WARNING * * *
The basilisk bites you!
* * * LOW HITPOINT WARNING * * *
The chaos spawn gores you but does no damage.
The ufetubus hits you but does no damage.
The ufetubus hits you. The small abomination hits you.
* * * LOW HITPOINT WARNING * * *
The red ugly thing tail-slaps you.
* * * LOW HITPOINT WARNING * * *
You are engulfed in flames!
You die...

......♣♣♣
♣♣♣♣...♣
...♣
....♣♣
♣.♣...♣♣
♣♣♣ ....
♣♣....♣♣
...
♣.....♣ ..
♣..♣♣♣♣
♣(.♣♣
♣.55♣♣
♣.5l5♣♣
♣.3u@4♣
♣.♣♣xxx..♣
♣..
♣♣lF..♣
♣.♣ ♣..♣♣
♣. ..♣ ..
S.. ♣. ...
♣..♣


You could see a red ugly thing, a black mamba (wandering), 2 basilisks, a blink
frog, a ynoxinul, a chaos spawn, 3 small abominations and 4 ufetubi.

Vanquished Creatures
  Gastronok (Lair:1)
  3 hydras
  6 death yaks (Lair:4)
  3 black mambas
  8 cane toads
  2 rime drakes
  13 komodo dragons
  An ice devil (IceCv)
  Prince Ribbit (D:5)
  A hornet (D:9)
  13 blink frogs
  2 shadows
  The ghost of Zebulonius the Conjurer, an amateur DECj (D:5)
  A vampire (D:6)
  3 wyverns
  A wraith (D:10)
  31 yaks
  A basilisk (Lair:6)
  Eustachio (D:5)
  A chaos spawn (Lair:6)
  A redback (Lair:4)
  3 acid dragons
  14 water moccasins
  4 small abominations (Lair:6)
  Duvessa (D:6)
  2 sky beasts
  3 ice beasts (D:6)
  11 orc warriors
  A black bear (Lair:3)
  2 centaurs
  6 wolves (Lair:4)
  A gnoll sergeant (D:9)
  15 bullfrogs
  2 necrophages (D:6)
  8 scorpions
  Dowan (D:6)
  An elephant simulacrum (IceCv)
  An electric eel (Lair:4)
  A howler monkey (D:9)
  7 orc priests
  3 jellies
  Crazy Yiuf (D:6)
  9 hounds
  4 hell rats (Lair:3)
  3 iguanas
  7 orc wizards
  A spriggan simulacrum (IceCv)
  13 gnolls
  9 adders
  A shadow imp (D:7)
  4 white imps
  An ufetubus (IceCv)
  A worm (D:3)
  3 dart slugs (D:1)
  45 orcs
  6 endoplasms
  2 giant cockroaches
  10 goblins
  5 hobgoblins
  3 quokkas (D:4)
  6 ball pythons
  9 bats
  3 frilled lizards
  6 kobolds
  3 rats
337 creatures vanquished.

Vanquished Creatures (others)
  5 fungi
  6 plants
  2 withered plants (Lair:1)
13 creatures vanquished.

Grand Total: 350 creatures vanquished

Notes
Turn   | Place    | Note
-------+----------+-------------------------------------------
     0 | D:1      | HoaS the Tengu Hunter began the quest for the Orb.
     0 | D:1      | Reached XP level 1. HP: 12/12 MP: 2/2
   145 | D:1      | Reached XP level 2. HP: 17/17 MP: 3/3
   208 | D:1      | Reached skill level 5 in Crossbows
   635 | D:1      | Reached XP level 3. HP: 21/21 MP: 4/4
   834 | D:2      | Found Ysiq's Antique Weapon Shoppe.
  1008 | D:2      | Found a hazy altar of Hepliaklqana.
  1113 | D:2      | Reached skill level 6 in Crossbows
  1113 | D:2      | Reached XP level 4. HP: 26/26 MP: 5/5
  1142 | D:2      | Found Otryrao's Armour Shop.
  1222 | D:2      | Found Locvuex's Jewellery Shoppe.
  1409 | D:2      | Found Foam Pih's Antique Armour Boutique.
  1943 | D:3      | Gained mutation: Your magical nature lets you fly swiftly
                  | and evasively. [Tengu growth]
  1943 | D:3      | Reached XP level 5. HP: 30/30 MP: 6/6
  1981 | D:3      | Reached skill level 7 in Crossbows
  2519 | D:3      | Found a faded altar of an unknown god.
  2521 | D:3      | Found Utigh's Weapon Shoppe.
  2657 | D:4      | Identified a scroll of acquirement
  2657 | D:4      | Acquired a +1 arbalest of flaming
  2686 | D:4      | Reached XP level 6. HP: 22/35 MP: 7/7
  2689 | D:4      | Reached skill level 8 in Crossbows
  3251 | D:5      | Entered Level 5 of the Dungeon
  3268 | D:5      | Reached skill level 9 in Crossbows
  3268 | D:5      | Reached XP level 7. HP: 40/40 MP: 8/8
  3408 | D:5      | Found a staircase to the Ecumenical Temple.
  3417 | Temple   | Entered the Ecumenical Temple
  3498 | Temple   | Became a worshipper of Makhleb the Destroyer
  3556 | D:5      | Noticed Eustachio
  3563 | D:5      | Killed Eustachio
  3574 | D:5      | Found a runed translucent door.
  3574 | D:5      | Noticed Zebulonius's ghost (amateur DECj)
  3579 | D:5      | Reached skill level 10 in Crossbows
  3664 | D:5      | Noticed Prince Ribbit
  3668 | D:5      | Killed Prince Ribbit
  3669 | D:5      | Reached skill level 11 in Crossbows
  3669 | D:5      | Reached XP level 8. HP: 44/44 MP: 9/9
  3901 | D:5      | Killed Zebulonius's ghost
  4191 | D:6      | Reached skill level 12 in Crossbows
  4225 | D:6      | Found a large runed translucent door.
  4225 | D:6      | Found a large runed translucent door.
  4228 | D:6      | Noticed a komodo dragon
  4228 | D:6      | Noticed a shadow
  4232 | D:6      | Found a large runed translucent door.
  4232 | D:6      | Found a large runed translucent door.
  4261 | D:6      | Noticed Duvessa
  4263 | D:6      | Noticed Dowan
  4265 | D:6      | Killed Duvessa
  4267 | D:6      | Killed Dowan
  4267 | D:6      | Reached * piety under Makhleb
  4276 | D:6      | Reached XP level 9. HP: 48/48 MP: 10/10
  4297 | D:6      | Reached skill level 13 in Crossbows
  4481 | D:6      | Found a runed translucent door.
  4482 | D:6      | Noticed Crazy Yiuf
  4800 | D:6      | Reached skill level 14 in Crossbows
  5065 | D:7      | Found a large runed translucent door.
  5066 | D:7      | Found a large runed translucent door.
  5178 | D:7      | Reached skill level 15 in Crossbows
  5371 | D:7      | Noticed funkygono's ghost (novice MiBe)
  5627 | D:7      | Reached XP level 10. HP: 52/53 MP: 11/11
  6053 | D:8      | Found a shimmering blue altar of Sif Muna.
  6236 | D:9      | Reached skill level 16 in Crossbows
  6453 | D:9      | Reached ** piety under Makhleb
  6467 | D:9      | Reached skill level 1 in Armour
  6623 | D:9      | Found a staircase to the Orcish Mines.
  7279 | D:10     | Entered Level 10 of the Dungeon
  7332 | D:10     | Found a staircase to the Lair.
  7597 | D:10     | Reached skill level 5 in Fighting
  8074 | Lair:1   | Entered Level 1 of the Lair of Beasts
  8095 | Lair:1   | Noticed a black mamba
  8099 | Lair:1   | Killed a black mamba
  8100 | Lair:1   | Reached XP level 11. HP: 64/64 MP: 12/12
  8212 | Lair:1   | Found a frozen archway.
  8226 | Lair:1   | Reached skill level 5 in Dodging
  8239 | IceCv    | Entered an ice cave
  8242 | IceCv    | Reached *** piety under Makhleb
  8593 | Lair:1   | Reached skill level 5 in Armour
  8692 | Lair:1   | Noticed Gastronok
  8703 | Lair:1   | Killed Gastronok
  8723 | Lair:1   | Found a runed translucent door.
  8723 | Lair:1   | Noticed Ocesy's ghost (journeyman DjFE)
  8848 | Lair:1   | Noticed a five-headed hydra
  8854 | Lair:1   | Killed a five-headed hydra
  9558 | D:6      | Killed Crazy Yiuf
  9846 | Lair:2   | Reached XP level 12. HP: 76/76 MP: 13/13
 10221 | Lair:2   | Found a staircase to the Shoals.
 10515 | Lair:3   | Noticed a five-headed hydra
 10529 | Lair:3   | Killed a five-headed hydra
 10530 | Lair:3   | Reached skill level 10 in Fighting
 10536 | Lair:3   | Reached **** piety under Makhleb
 10664 | Lair:3   | Noticed a six-headed hydra
 10680 | Lair:3   | Killed a six-headed hydra
 11181 | Lair:4   | Found a hole to the Spider Nest.
 11251 | Lair:4   | Noticed a death yak
 11252 | Lair:4   | Noticed a death yak
 11252 | Lair:4   | Noticed a death yak
 11252 | Lair:4   | Noticed a death yak
 11277 | Lair:4   | Killed a death yak
 11297 | Lair:4   | Noticed a death yak
 11304 | Lair:4   | Noticed a death yak
 11312 | Lair:4   | Killed a death yak
 11313 | Lair:4   | Reached XP level 13. HP: 86/86 MP: 14/14
 11399 | Lair:4   | Reached skill level 10 in Dodging
 12098 | Lair:5   | You are sucked into a shaft and drop 1 floor!
 12098 | Lair:6   | Entered Level 6 of the Lair of Beasts
 12137 | Lair:6   | Reached ***** piety under Makhleb
 12200 | Lair:6   | Slain by a red ugly thing

Illustrated notes

Levels and vault maps discovered:
D:1:      tarquinn_simple_flora_water_b, layout_loops_cross
D:2:      wander_river, layout_basic, basic_altar, serial_shops, shop_fountains,
          shop, nicolae_shop_waterfront, shop
D:3:      layout_basic, serial_shops, nicolae_shop_competitors_out_of_business,
          basic_ecumenical_altar, minmay_goblin_kobold_house
D:4:      layout_rooms
D:5:      layout_rooms, temple_pool_b, hellmonk_ghost_happy_afterlife,
          amethyst_killhole, uniq_prince_ribbit1, uniq_eustachio
D:6:      layout_basic, minmay_hollow_rounded_squares, uniq_crazy_yiuf_cottage,
          uniq_duvessa
D:7:      layout_loops_ring, ebering_ghost_disaster_area
D:8:      layout_rooms, nicolae_sif_muna_condensation
D:9:      layout_cave_pods, david_orc_5
D:10:     layout_long_grid, lair_entry_dummy
Temple:   grunt_wide_crystal_templ
Lair:1:   layout_regular_city, portal_ice_cave_entry_pillars_2,
          gammafunk_ghost_grave, minmay_shattered_shrine, uniq_gastronok
Lair:2:   layout_chaotic_city, shoals_dummy_entry, st_stairs_5
Lair:3:   layout_roguey
Lair:4:   layout_cave_pods, spider_nest_entry_a, infiniplex_staircase_pool,
          serial_bayou_shore_b
Lair:5:   layout_long_grid, chequers_serial_rivers_micro_a,
          minmay_lair_drake_nest
Lair:6:   hellmonk_lair_end_abyssal_woods, layout_regular_city, slime_altar_1,
          nicolae_volcano_entry_two_sided, uniq_nessos, uniq_josephine

Skill      XL: |  1  2  3  4  5  6  7  8  9 10 11 12 13 |
---------------+----------------------------------------+-----
Crossbows      | 5 6 7 9 11 12 15 16 | 16.0
Armour         | 4 6 8 |  8.0
Fighting       | 6 9 12 13 | 13.3
Dodging        | 4 7 9 10 | 10.5
Stealth        | |  1.0

Action                   |  1- 3 |  4- 6 |  7- 9 | 10-12 | 13-15 || total
-------------------------+-------+-------+-------+-------+-------++-------
 Fire: Hand crossbow     |    61 |    80 |       |       |       ||   141
       Arbalest          |       |    37 |   172 |   487 |   153 ||   849
Evoke: Wand              |       |       |       |     3 |       ||     3
  Use: Scroll            |     7 |     8 |     4 |     6 |     4 ||    29
       Potion            |       |     1 |     6 |     5 |       ||    12
Armor: Ring mail         |     6 |    15 |    22 |    41 |    61 ||   145
Dodge: Dodged            |    15 |    32 |    55 |   152 |   128 ||   382

Table legend: (Time is in decaauts)
 A = Elapsed time spent in this place.
 B = Non-inter-level travel time spent in this place.
 C = Inter-level travel time spent in this place.
 D = Time resting spent in this place.
 E = Time spent auto-exploring this place.
 F = Levels seen in this place.
 G = Mean time per level.
                   A        B        C        D        E       F      G
               +--------+--------+--------+--------+--------+-----+--------+
         Total |  11611 |  10985 |    626 |   1479 |   7526 |  18 |  645.1 |
       Dungeon |   8052 |   7574 |    478 |   1122 |   5215 |  10 |  805.2 |
        Temple |     85 |     49 |     36 |      0 |     33 |   1 |   85.0 |
          Lair |   3449 |   3337 |    112 |    357 |   2278 |   6 |  574.8 |
      Ice Cave |     25 |     25 |      0 |      0 |      0 |   1 |   25.0 |
               +--------+--------+--------+--------+--------+-----+--------+

Top non-repeatable levels by time:
  Lair:1: 1241 daAuts
     D:6: 1190 daAuts
     D:9: 1003 daAuts
     D:3: 936 daAuts
     D:7: 879 daAuts
     D:2: 876 daAuts
  Lair:4: 852 daAuts
     D:1: 825 daAuts
    D:10: 774 daAuts
  Lair:3: 636 daAuts
     D:5: 630 daAuts
  Lair:2: 615 daAuts
     D:4: 576 daAuts
     D:8: 359 daAuts
  Lair:6: 104 daAuts
